 Dungeon Crawl Stone Soup version 0.17-a0-1830-g81820eb (webtiles) character file.

17240 4thArraOfDagon the Cleaver (level 12, -8/114 HPs)
             Began as a Deep Dwarf Berserker on Sept 13, 2015.
             Was a Believer of Trog.
             Mangled by a freezing wraith (10 damage)
             ... in an ice cave.
             The game lasted 00:28:02 (4614 turns).

4thArraOfDagon the Cleaver (Deep Dwarf Berserker)   Turns: 4614, Time: 00:28:02

Health: -8/114     AC: 14    Str: 25    XL:     12   Next: 17%
Magic:  15/15      EV:  8    Int:  9    God:    Trog [**....]
Gold:   1084       SH:  0    Dex: 12    Spells: 0 memorised, 11 levels left

rFire  . . .     SeeInvis .     b - +0 broad axe
rCold  . . .     Clarity  .     e - +0 plate armour
rNeg   . . .     SustAt   .     (no shield)
rPois  .         Gourm    .     (no helmet)
rElec  .         Spirit   .     (no cloak)
rCorr  .         Warding  .     (no gloves)
rMut   .         Stasis   .     (no boots)
MR     +++..                    (no amulet)
Stlth  ..........               (no ring)
                                (no ring)

@: non-regenerating, slowed, very slow, extremely resistant to hostile
enchantments, extremely unstealthy
A: damage resistance, recharge devices, talons 1, deterioration 1, sense
surroundings 2, screaming 1, slow healing 3
a: Device Recharging, Burn Spellbooks, Berserk, Trog's Hand, Renounce Religion


You were in an ice cave.
You worshipped Trog.
Trog was pleased with you.
You were not hungry.

You visited 2 branches of the dungeon, and saw 16 of its levels.
You also visited: Ossuary and Ice Cave.

You collected 1084 gold pieces.

Inventory:

Hand weapons
 a - a +0 hand axe
 b - a +0 broad axe (weapon)
 t - a +0 battleaxe
 w - a +0 blowgun
 x - a +0 war axe
Missiles
 m - 3 poisoned tomahawks (quivered)
 n - 2 throwing nets
Armour
 e - a +0 plate armour (worn)
 A - a +1 pair of gloves of cold resistance
 B - a +0 buckler of cold resistance
Magical devices
 c - a wand of heal wounds (4)
 i - a wand of digging (15)
 r - a wand of draining (0)
Scrolls
 h - 2 scrolls of amnesia
 l - 4 scrolls of remove curse
 q - a scroll of fear
 y - a scroll of fog
Potions
 j - a potion of magic
 k - a potion of cancellation
 s - a potion of agility {unknown}
 v - 4 potions of curing
 z - 2 potions of might {unknown}
Books
 g - a Necronomicon

   Spells                             Type                      Level
   a - Haunt                          Necromancy/Summoning         7
   b - Borgnjor's Revivification      Necromancy                   8
   c - Death's Door                   Charms/Necromancy            8
   d - Necromutation                  Transmutation/Necromancy     8
   Trog disapproves of the use of such an item.
 o - a book of Ice

   Spells                             Type                      Level
   a - Ice Form                       Ice/Transmutation            4
   b - Metabolic Englaciation         Hexes/Ice                    5
   c - Ozocubu's Refrigeration        Ice                          6
   d - Bolt of Cold                   Conjuration/Ice              6
   e - Freezing Cloud                 Conjuration/Ice/Air          6
   f - Simulacrum                     Ice/Necromancy               6
   Trog disapproves of the use of such an item.
 p - Sif Muna's Tome of Harmful Ice
   (You found it in an ice cave)

   Spells                             Type                      Level
   a - Throw Frost                    Conjuration/Ice              2
   b - Ensorcelled Hibernation        Hexes/Ice                    2
   c - Throw Icicle                   Conjuration/Ice              4
   d - Summon Ice Beast               Ice/Summoning                4
   e - Freezing Cloud                 Conjuration/Ice/Air          6
   f - Ozocubu's Refrigeration        Ice                          6
   Trog disapproves of the use of such an item.
 u - a Necronomicon

   Spells                             Type                      Level
   a - Haunt                          Necromancy/Summoning         7
   b - Borgnjor's Revivification      Necromancy                   8
   c - Death's Door                   Charms/Necromancy            8
   d - Necromutation                  Transmutation/Necromancy     8
   Trog disapproves of the use of such an item.
Comestibles
 d - 6 bread rations
 f - a chunk of flesh


   Skills:
 + Level 9.1 Fighting
 * Level 14.4 Axes
 + Level 10.6 Armour
 - Level 2.1 Dodging
 - Level 9.1 Evocations


You had 11 spell levels left.
You didn't know any spells.

Dungeon Overview and Level Annotations

Branches:
Dungeon (12/15)            Temple (0/1) D:5            Lair (0/8) D:10
    Orc (4/4) D:12
    Elf: Orc:3-4

Altars:
Ashenzari
Vehumet
Xom
Beogh

Shops:
D:12 }(

Portals:
Trove: D:10 (give 15 potions of curing)

Annotations:
Orc:2 4thArraOfDagon's ghost, experienced DDBe
Orc:3 Rupert


Innate Abilities, Weirdness & Mutations

You are resistant to damage.
You can recharge devices by infusing magical energy.
You passively map the area around you.
You do not heal naturally.
You have sharp toenails.
Your body sometimes deteriorates upon taking damage.
You occasionally shout uncontrollably at your foes.


Message History

Evoke which item? (* to show all) (? for menu, Esc to quit)
This wand has no charges.
Unknown command.
Read which item? (? for menu, Esc to quit)
Okay, then.
Drink which item? (? for menu, Esc to quit)
Okay, then.
Use which ability?
Okay, then.
Use which ability?
Charge which item? (? for menu, Esc to quit)
Your wand of heal wounds (0) glows for a moment and now has 4 charges.
The freezing wraith hits you but does no damage.
The freezing wraith hits you.
* * * LOW HITPOINT WARNING * * *
The freezing wraith drains your vigour!
You feel as though you will be slow longer.
The white imp summons a swarm of flies.
The freezing wraith hits you. The freezing wraith freezes you!
You die...

.## ##...###......##
..#########........##
..[(# ##..#....#..##
....# #...##..##...#
.#### ##...####....#
## #.........### ###
##.....555# ###.##
##....WW##
####....#####.)5@##
#....##...#.##...#
...######.......##
#### ##.##.### ######


You could see 2 freezing wraiths and 4 white imps.

Vanquished Creatures
  Erica (D:8)
  Nergalle (D:12)
  An unseen horror (D:11)
  An ice statue (IceCv)
  Pikel (D:7)
  2 hill giants (D:12)
  An orc knight (D:12)
  A necromancer (IceCv)
  A manticore (D:12)
  A cyclops (D:12)
  3 ugly things (D:11)
  Psyche (D:9)
  7 freezing wraiths (IceCv)
  2 trolls
  2 wraiths
  10 yaks
  A hungry ghost (D:12)
  5 hippogriffs
  A water moccasin (D:11)
  4 wargs
  14 orc warriors
  6 ogres
  7 ice beasts
  A wasp (D:11)
  A centaur (D:8)
  3 alligator simulacra (IceCv)
  A phantom (D:9)
  A big kobold (D:11)
  A wyvern zombie (D:12)
  3 giant frogs
  A scorpion (D:9)
  9 killer bees
  A draconian simulacrum (IceCv)
  3 hounds
  21 orc wizards
  11 orc priests
  3 iguanas
  A centaur skeleton (D:10)
  2 giant frog skeletons
  A worker ant (D:5)
  5 troll simulacra (IceCv)
  A wolf simulacrum (IceCv)
  3 centaur simulacra (IceCv)
  4 hound skeletons
  A worker ant zombie (D:11)
  A mummy (D:5)
  4 adders
  2 naga simulacra (IceCv)
  3 shadow imps
  An ogre simulacrum (IceCv)
  7 white imps (IceCv)
  2 giant geckos
  107 orcs
  A giant cockroach (D:2)
  A hobgoblin (D:3)
  7 jackals
  6 kobolds
  2 quokkas
  2 bats (D:2)
  7 goblins
  A goblin zombie (D:5)
  An orc zombie (D:5)
307 creatures vanquished.

Vanquished Creatures (others)
  A giant frog (D:7)
  2 gnolls (D:7)
  A shadow imp (D:10)
  3 jackals (D:10)
7 creatures vanquished.

Grand Total: 314 creatures vanquished

Notes
Turn   | Place    | Note
--------------------------------------------------------------
     0 | D:1      | 4thArraOfDagon the Deep Dwarf Berserker began the quest for the Orb.
     0 | D:1      | Reached XP level 1. HP: 20/20 MP: 1/1
    10 | D:1      | You fall through a shaft!
   222 | D:2      | Reached XP level 2. HP: 27/27 MP: 2/2
   392 | D:3      | Reached skill level 4 in Axes
   457 | D:4      | Found a radiant altar of Vehumet.
   466 | D:4      | Reached XP level 3. HP: 32/34 MP: 3/3
   494 | D:4      | Found a shimmering altar of Xom.
   504 | D:5      | Entered Level 5 of the Dungeon
   575 | D:5      | Found a staircase to the Ecumenical Temple.
   590 | D:5      | Acquired Trog's second power
   665 | D:5      | Reached XP level 4. HP: 35/42 MP: 4/4
   710 | D:5      | Reached skill level 5 in Axes
   744 | D:5      | Found a sand-covered staircase.
   768 | Ossuary  | Entered an ossuary
   802 | D:6      | Reached XP level 5. HP: 45/49 MP: 5/5
   917 | D:5      | Reached XP level 6. HP: 56/56 MP: 6/6
   981 | D:7      | Reached skill level 6 in Axes
  1014 | D:6      | You fall through a shaft!
  1030 | D:7      | Noticed Pikel
  1039 | D:7      | Killed Pikel
  1039 | D:7      | Reached skill level 7 in Axes
  1039 | D:7      | Reached skill level 5 in Armour
  1039 | D:7      | Reached XP level 7. HP: 66/66 MP: 7/7
  1072 | D:7      | Noticed a hippogriff
  1097 | D:7      | Killed a hippogriff
  1163 | D:8      | Reached skill level 8 in Axes
  1163 | D:8      | Reached XP level 8. HP: 73/73 MP: 8/8
  1198 | D:8      | Noticed Erica
  1219 | D:8      | Killed Erica
  1219 | D:8      | Reached skill level 5 in Fighting
  1219 | D:8      | Reached skill level 9 in Axes
  1303 | D:8      | Found a shattered altar of Ashenzari.
  1335 | D:9      | Noticed Psyche
  1364 | D:9      | Reached skill level 1 in Evocations
  1364 | D:9      | Gained mutation: You passively map the area around you. [Deep Dwarf growth]
  1364 | D:9      | Reached XP level 9. HP: 82/82 MP: 9/9
  1377 | D:9      | Killed Psyche
  1377 | D:9      | Reached skill level 10 in Axes
  1538 | D:10     | Entered Level 10 of the Dungeon
  1649 | D:10     | Found a portal to a secret trove of treasure.
  1665 | D:10     | Reached skill level 11 in Axes
  1839 | D:10     | Noticed a fire drake
  1866 | D:10     | Found a staircase to the Lair.
  1953 | D:11     | Reached XP level 10. HP: 92/92 MP: 13/13
  1959 | D:11     | Reached skill level 5 in Evocations
  1964 | D:11     | Noticed a red ugly thing
  2068 | D:11     | Killed an unseen horror
  2114 | D:11     | Noticed a red ugly thing
  2134 | D:11     | Killed a red ugly thing
  2136 | D:11     | Killed a red ugly thing
  2136 | D:11     | Reached skill level 12 in Axes
  2143 | D:11     | Gained mutation: Your body sometimes deteriorates upon taking damage. [mutagenic meat]
  2144 | D:11     | Gained mutation: You occasionally shout uncontrollably at your foes. [mutagenic meat]
  2146 | D:11     | Gained mutation: You have sharp toenails. [mutagenic meat]
  2217 | D:11     | Noticed Nergalle
  2217 | D:11     | Noticed a brown ugly thing
  2227 | D:11     | Noticed a spectral orc warlord
  2365 | D:12     | Noticed a cyclops
  2368 | D:12     | Noticed a manticore
  2378 | D:12     | Killed a cyclops
  2381 | D:12     | Killed a manticore
  2439 | D:12     | Reached XP level 11. HP: 39/103 MP: 16/16
  2531 | D:12     | Noticed a hill giant
  2556 | D:12     | Found For Angiyss's Weapon Shop.
  2556 | D:12     | Found a staircase to the Orcish Mines.
  2556 | D:12     | Noticed an orc knight
  2599 | D:12     | Killed a hill giant
  2602 | D:12     | Killed an orc knight
  2610 | D:11     | HP: 5/103 [killer bee (5)]
  2629 | D:11     | Noticed a purple ugly thing
  2630 | D:11     | :(
  2649 | D:11     | Killed a purple ugly thing
  2649 | D:11     | Reached skill level 13 in Axes
  2708 | D:12     | Found Desuoblu's Quality Used Wands.
  2709 | D:12     | :(
  2721 | D:12     | Killed Nergalle
  2898 | D:12     | Noticed a hill giant
  2904 | D:12     | Killed a hill giant
  3001 | Orc:1    | Entered Level 1 of the Orcish Mines
  3155 | Orc:1    | Found a roughly hewn altar of Beogh.
  3414 | Orc:1    | You fall through a shaft!
  3414 | Orc:2    | Noticed 4thArraOfDagon's ghost (experienced DDBe)
  3669 | Orc:3    | Noticed Rupert
  3752 | Orc:3    | Reached skill level 10 in Armour
  3888 | Orc:4    | Entered Level 4 of the Orcish Mines
  4130 | Orc:4    | Found a frozen archway.
  4148 | IceCv    | Entered an ice cave
  4277 | IceCv    | Reached skill level 14 in Axes
  4360 | IceCv    | Reached XP level 12. HP: 57/112 MP: 16/16
  4492 | IceCv    | Found an ancient bone altar of Kikubaaqudgha.
  4544 | IceCv    | Noticed an ice statue
  4555 | IceCv    | Noticed a necromancer
  4556 | IceCv    | Killed an ice statue
  4570 | IceCv    | Killed a necromancer
  4589 | IceCv    | Identified Sif Muna's Tome of Harmful Ice (You found it in an ice cave)
  4612 | IceCv    | HP: 2/114 [freezing wraith (11)]
  4614 | IceCv    | Mangled by a freezing wraith

Vault maps used:
D:1:      scummos_arrival_hexagon
D:2:      first_bread
D:3:      lemuel_coloured_pillars_altar, minmay_misc_feat_alley
D:4:      grunt_temple_overflow_growth_and_decay, vehumet_crystals,
          overflow_temple_1_default, uniq_robin
D:5:      minmay_temple_entry_glassed_door, nicolae_ossuary_entry_giza,
          minmay_fountain_box, uniq_edmund
D:6:      black_bear_nest_1, cheibriados_altar_1, elyvilon_altar_5,
          grunt_gozag_breadcrumbs
D:7:      uniq_pikel
D:8:      cheibrodos_ashenzari_chains, uniq_erica, uniq_maurice
D:9:      tgw_sif, the_bakery, grunt_ministairs_10, uniq_psyche
D:10:     minmay_lair_entry_lava, nicolae_trove_entry_crossroad
D:11:     uniq_nergalle
D:12:     orc_david_3, nicolae_for_you_no_charge
Orc:1:    basic_altar
Orc:3:    serial_shops, shop, nicolae_orc_pool_cavern, nicolae_orc_lava_room,
          uniq_rupert
Orc:4:    st_orc_congregation, portal_ice_cave_entry_pillars_02
Ossuary:  ossuary_zaba_two_paths
IceCv:    ice_cave_small_necro

Action                   |  1- 3 |  4- 6 |  7- 9 | 10-12 || total
-------------------------+-------+-------+-------+-------++-------
Melee: Hand axe          |   106 |    55 |   174 |       ||   335
       War axe           |       |       |    25 |    20 ||    45
       Broad axe         |       |       |       |   431 ||   431
Invok: Berserk           |     3 |     6 |     9 |    30 ||    48
       Trog's Hand       |     1 |     3 |    11 |    52 ||    67
 Abil: Device Recharging |       |       |       |     3 ||     3
Evoke: Wand              |     1 |       |     1 |    16 ||    18
  Use: Scroll            |     5 |       |     7 |     5 ||    17
       Potion            |       |       |     1 |     1 ||     2
 Stab: Sleeping          |     1 |       |       |       ||     1
  Eat: Chunk             |     1 |     9 |    13 |    42 ||    65
       Beef jerky        |       |       |       |     2 ||     2
       Pizza             |       |       |       |     2 ||     2
       Royal jelly       |       |       |       |     1 ||     1
       Meat ration       |       |       |       |     1 ||     1
